 Dungeon Crawl Stone Soup version 0.31.0-11-ge490571c62 (webtiles) character file.

Game seed: 2568674282097354681

9180 Arcadio the Nimble (level 11, -18/47 HPs)
             Began as a Felid Summoner on Jan 30, 2024.
             Was the Champion of Ashenzari.
             Demolished by a death yak (24 damage)
             ... led by a torpor snail
             ... on level 1 of the Lair of Beasts.
             The game lasted 00:36:45 (11782 turns).

Arcadio the Nimble (Felid Summoner)                Turns: 11782, Time: 00:36:45

Health: -18/47     AC:  2    Str:  4    XL:     11   Next: 19%
Magic:  9/28       EV: 34    Int: 23    God:    Ashenzari [******]
Gold:   529        SH:  5    Dex: 17    Spells: 13/34 levels left
                                        Lives:  0   Deaths: 4

rFire   + . .        (weapon unavailable)
rCold   x . .        (shield unavailable)
rNeg    . . .        (body armour unavailable)
rPois   .            (helmet unavailable)
rElec   .            (cloak unavailable)
rCorr   .            (gloves unavailable)
SInv    +            (boots unavailable)
Will    +....        c - amulet of Supernal Gnosis {Reflect SH+5, Melee, Dev} (curse)
Stlth   +++          l - ring "Cursed With Me" {EV+5, Sorc, Self} (curse)
HPRegen 0.27/turn    y - ring of the Restrained Levity {Fire, Elem, Cun} (curse)
MPRegen 0.21/turn

%: reflection, clarity
@: no status effects
A: very small, claws 1, fangs 3, see invisible, shaggy fur 2, stealthy paws, no
weapons or thrown items, no armour, multi-lived
a: Renounce Religion, Shatter the Chains


You were on level 1 of the Lair of Beasts.
You worshipped Ashenzari.
Ashenzari was exalted by your worship.
You visited 3 branches of the dungeon, and saw 13 of its levels.

You collected 709 gold pieces.
You spent 180 gold pieces at shops.

Inventory:

Jewellery
 c - the cursed amulet of Supernal Gnosis (around neck) {Reflect SH+5, Melee, Dev}
   (You found it on level 1 of the Dungeon)

   [amulet of reflection]

   Reflect:   It reflects blocked missile attacks.
   SH+5:      It affects your SH (+5).
   It has a curse which improves the following skills: Melee Combat: Unarmed
   Combat.
   Devices:   Evocations and Shapeshifting.
 l - the cursed ring "Cursed With Me" (left paw) {EV+5, Sorc, Self}
   (You found it on level 3 of the Dungeon)

   [ring of evasion]

   EV+5:      It affects your evasion (+5).
   It has a curse which improves the following skills: Sorcery: Conjurations and
   Alchemy.
   Introspection: Fighting and Spellcasting.
 p - a ring of fire
 y - the cursed ring of the Restrained Levity (right paw) {Fire, Elem, Cun}
   (You found it on level 5 of the Dungeon)

   [ring of fire]

   Fire:      It enhances your fire magic.
   rF+:       It protects you from fire.
   rC-:       It makes you vulnerable to cold.
   It has a curse which improves the following skills: Elements: Fire Magic, Ice
   Magic, Air Magic and Earth Magic.
   Cunning:   Dodging and Stealth.
 D - a ring of positive energy
 H - a ring of fire
Wands
 m - a wand of flame (13)
 x - a wand of roots (9)
 F - a wand of paralysis (8)
 G - a wand of polymorph (2)
Scrolls
 b - 4 scrolls of poison
 d - a scroll of enchant armour
 g - a scroll of fear
 h - 2 scrolls of vulnerability
 i - 2 scrolls of amnesia
 n - a scroll of immolation
 o - a scroll of enchant weapon
 q - 5 scrolls of fog
 r - 4 scrolls of identify
 s - a scroll of brand weapon
 v - 2 scrolls of summoning
 z - a scroll of revelation
 E - a scroll of silence
Potions
 a - a potion of magic
 e - 3 potions of attraction
 f - a potion of mutation
 j - a potion of curing
 k - a potion of might
 t - 3 potions of cancellation
 u - a potion of lignification
 w - 2 potions of heal wounds
 A - a potion of enlightenment
 C - a potion of resistance


   Skills:
 + Level 13.5(15.9) Dodging
 - Level 2.6(4.6) Stealth
 + Level 9.5(12.0) Spellcasting
 + Level 10.9 Summonings


You had 13 spell levels left.
You knew the following spells:

 Your Spells              Type           Power      Damage    Failure   Level
a - Summon Small Mammal   Summ           100%       N/A       1%          1
b - Call Imp              Summ           100%       N/A       1%          2
c - Call Canine Familiar  Summ           59%        N/A       1%          3
d - Summon Blazeheart Go  Fire/Summ      56%        N/A       4%          4
e - Summon Lightning Spi  Summ/Air       39%        N/A       4%          4
f - Summon Hydra          Summ           29%        N/A       41%         7

Your spell library contained the following spells:

 Spells                   Type           Power      Damage    Failure   Level
 Apportation              Tloc           26%        N/A       4%          1
 Freeze                   Ice            60%        1d7       4%          1
 Necrotise                Necr           52%        1d6       4%          1
 Sting                    Conj/Alch      60%        1d6       4%          1
 Ensorcelled Hibernation  Hex/Ice        28%        N/A       7%          2
 Sublimation of Blood     Necr           13%        N/A       7%          2
 Frozen Ramparts          Ice            30%        1d5       12%         3
 Hailstorm                Conj/Ice       15%        3d6       12%         3
 Ozocubu's Armour         Ice            15%        N/A       12%         3
 Fugue of the Fallen      Necr           13%        N/A       14%         3
 Anguish                  Hex/Necr       6%         N/A       41%         4
 Animate Dead             Necr           13%        N/A       41%         4
 Borgnjor's Vile Clutch   Necr/Erth      7%         N/A       77%         5
 Metabolic Englaciation   Hex/Ice        7%         N/A       77%         5
 Sculpt Simulacrum        Ice/Alch       7%         N/A       99%         6
 Death Channel            Necr           6%         N/A       100%        6


Dungeon Overview and Level Annotations

Branches:
Dungeon (10/15)            Temple (1/1) D:4            Lair (2/5) D:10
  Swamp: Lair:2-3    Shoals: Lair:2-3     Snake: Lair:2-3    Spider: Lair:2-3
    Orc: D:9-12

Altars:
Ashenzari
Cheibriados
Dithmenos
Elyvilon
Fedhas
Gozag
Hepliaklqana
Kikubaaqudgha
Makhleb
Nemelex Xobeh
Okawaru
Qazlal
Ru
Sif Muna
Trog
Vehumet
Wu Jian
Xom
Yredelemnul
Zin
The Shining One

Shops:
D:6 *   D:7 =

Annotations:
Lair:1 1 runed translucent door, Hans's ghost, novice MiFi


Innate Abilities, Weirdness & Mutations

You have sharp claws.
You have razor-sharp teeth.
You have supernaturally acute eyesight. (SInv)
You are covered in thick fur. (AC +2)
Your paws help you pounce on unaware monsters.
You are incapable of wielding weapons or throwing items.
You cannot wear armour.
You gain extra lives every three experience levels.


Message History

You scratch the nameless horror.
The nameless horror is lightly damaged.
The nameless horror misses you.
You scratch the nameless horror but do no damage.
The nameless horror is lightly damaged.
The nameless horror completely misses you.
You block the death yak's attack.
You scratch the nameless horror but do no damage.
You bite the nameless horror, but do no damage.
The nameless horror is lightly damaged.
The nameless horror hits you!
You feel your power leaking away.
You scratch the nameless horror but do no damage.
The nameless horror is lightly damaged.
The death yak completely misses you.
The nameless horror completely misses you.
You scratch the nameless horror but do no damage.
The death yak gores you! The nameless horror hits you!
* * * LOW HITPOINT WARNING * * *
You feel your power leaking away.
You scratch the nameless horror but do no damage.
The death yak misses you.
The nameless horror completely misses you.
You scratch the nameless horror.
The nameless horror is lightly damaged.
The death yak gores you.
* * * LOW HITPOINT WARNING * * *
You block the nameless horror's attack.
You scratch the nameless horror but do no damage.
The nameless horror is lightly damaged.
The death yak completely misses you. You block the nameless horror's attack.
You scratch the nameless horror but do no damage.
You bite the nameless horror, but do no damage.
The nameless horror is lightly damaged.
The death yak completely misses you. You block the nameless horror's attack.
You scratch the nameless horror but do no damage.
The nameless horror is lightly damaged.
The death yak gores you!!
Ouch! That really hurt!
You die...

.................................
.................................
.............................###.
###.##.######.#.....####....##⌠##
###### ##.#...#.##....##...#
##.#.)..##.##..##..?..
##.###....##....#⌠.!♣?.
##.###YX..####...##..... ##.##
##@>.####....##...# ###.##
#.....##.#...##.## #..##
#.....##.#....#+#. ##.P#
##.....P#.#........ # ##.###
#.........####..... # ##.##
##.....#### #...## ####..#
#...### ###.## .##.### #...# #..#
...## #...# ###.


You could see a death yak and a nameless horror.

Vanquished Creatures
  Joseph (D:8)
  A water moccasin (D:7)
  An ice beast (D:7)
  A black bear (D:8)
  2 centaurs
  2 bullfrogs
  2 jellies
  4 gnolls
  3 dart slugs
  3 orcs
  5 ball pythons
  4 endoplasms
  A goblin (D:1)
  5 hobgoblins
  5 jackals
  17 kobolds
  3 quokkas
  2 bats
  A frilled lizard (D:3)
  2 rats
65 creatures vanquished.

Vanquished Creatures (collateral kills)
  A two-headed ogre (D:8)
  A death yak (Lair:2)
  Amaemon (Lair:1)
  Pikel (D:8)
  A cyclops (D:8)
  A black mamba (Lair:1)
  Maggie (D:7)
  An orange demon (Lair:1)
  3 cane toads (Lair:1)
  A komodo dragon (Lair:1)
  Sigmund (D:3)
  A vampire (D:10)
  3 yaks (Lair:1)
  An acid dragon (D:9)
  2 water moccasins
  An orc warrior (D:9)
  An ice beast (D:7)
  A centaur (D:8)
  An ogre (D:5)
  3 wolves (Lair:1)
  4 lemures (D:8)
  3 kobold brigands
  8 bullfrogs
  A scorpion (D:5)
  A wight (D:8)
  7 killer bees
  A lava snake (D:7)
  A bombardier beetle (D:5)
  3 jellies
  2 orc priests
  A hound (D:5)
  2 gnoll boudas
  A sleepcap (D:5)
  5 orc wizards
  A nameless horror (Lair:1)
  4 adders
  15 gnolls
  A white imp (D:8)
  2 ufetubi (D:6)
  3 dart slugs
  2 ribbon worms
  11 orcs
  An endoplasm (D:2)
  A giant cockroach (D:3)
  3 goblins
  5 hobgoblins
  4 jackals
  A quokka (D:2)
  2 ball pythons
  A bat (D:1)
  3 frilled lizards
  42 kobolds
169 creatures vanquished.

Vanquished Creatures (others)
  A kobold brigand (D:9)
1 creature vanquished.

Grand Total: 235 creatures vanquished

Notes
Turn   | Place    | Note
-------+----------+-------------------------------------------
     0 | D:1      | Arcadio the Felid Summoner began the quest for the Orb.
     0 | D:1      | Reached XP level 1. HP: 9/9 MP: 4/4
   265 | D:1      | Reached skill level 3 in Dodging
   289 | D:1      | Reached XP level 2. HP: 13/13 MP: 4/6
   579 | D:1      | Found a faded altar of an unknown god.
   858 | D:1      | Learned a level 2 spell: Call Imp
   915 | D:2      | Reached XP level 3. HP: 16/16 MP: 4/7
  1172 | D:2      | Slain by a jackal
  1172 | D:2      | Lost a life (0 lives remaining)
  1373 | D:2      | Reached skill level 4 in Dodging
  1623 | D:2      | Reached XP level 4. HP: 21/21 MP: 9/9
  1623 | D:2      | Gained a life (1 life remaining)
  1673 | D:3      | Identified the +0 robe "Soix" {Will+ Int+5}
  1871 | D:3      | Found a burning altar of Makhleb.
  1891 | D:3      | Noticed Sigmund
  1900 | D:3      | Found a bloodstained altar of Trog.
  2168 | D:3      | Learned a level 3 spell: Call Canine Familiar
  2202 | D:3      | Killed Sigmund
  2203 | D:3      | Reached skill level 5 in Dodging
  2203 | D:3      | Reached skill level 5 in Summonings
  2203 | D:3      | Reached XP level 5. HP: 24/24 MP: 5/11
  2570 | D:4      | Gained mutation: You are covered in thick fur. (AC +2)
                  | [Felid growth]
  2570 | D:4      | Reached XP level 6. HP: 17/28 MP: 6/12
  3604 | D:4      | Learned a level 4 spell: Summon Blazeheart Golem
  3808 | D:4      | Found a glowing silver altar of Zin.
  3990 | D:4      | Found a staircase to the Ecumenical Temple.
  3999 | Temple   | Entered the Ecumenical Temple
  4013 | Temple   | Became a worshipper of Ashenzari the Shackled
  4236 | D:5      | Entered Level 5 of the Dungeon
  4243 | D:5      | Reached skill level 6 in Dodging
  4319 | D:5      | Reached XP level 7. HP: 17/32 MP: 11/14
  4319 | D:5      | Gained a life (2 lives remaining)
  5076 | D:5      | Reached skill level 7 in Dodging
  5151 | D:5      | Found a shadowy altar of Dithmenos.
  5328 | D:5      | Reached * piety under Ashenzari
  5328 | D:5      | Reached ** piety under Ashenzari
  5445 | D:5      | Reached skill level 5 in Spellcasting
  5475 | D:5      | Reached XP level 8. HP: 36/36 MP: 13/16
  5480 | D:5      | Learned a level 4 spell: Summon Lightning Spire
  6233 | D:6      | Reached *** piety under Ashenzari
  6233 | D:6      | Reached **** piety under Ashenzari
  6365 | D:6      | Found Ippipour's General Store.
  6372 | D:6      | Bought a potion of heal wounds for 60 gold pieces
  6372 | D:6      | Bought a potion of haste for 120 gold pieces
  6444 | D:6      | Reached skill level 8 in Dodging
  6670 | D:6      | Reached ***** piety under Ashenzari
  6670 | D:6      | Reached ****** piety under Ashenzari
  6794 | D:6      | Found an iron altar of Okawaru.
  7371 | D:7      | Reached skill level 9 in Dodging
  7456 | D:7      | Found Dopaxt's Jewellery Emporium.
  7534 | D:7      | Noticed Maggie
  7550 | D:7      | Killed Maggie
  7551 | D:7      | Reached XP level 9. HP: 39/39 MP: 13/23
  8148 | D:8      | Noticed Joseph
  8161 | D:8      | Noticed a cyclops
  8165 | D:8      | Reached skill level 10 in Dodging
  8398 | D:8      | Killed Joseph
  8484 | D:8      | Noticed Pikel
  8488 | D:8      | Killed Pikel
  8489 | D:8      | Reached skill level 11 in Dodging
  8739 | D:8      | Killed a cyclops
  8740 | D:8      | Reached XP level 10. HP: 44/44 MP: 16/25
  9013 | D:8      | Noticed a two-headed ogre
  9033 | D:8      | Killed a two-headed ogre
  9684 | D:9      | Identified the +7 rapier of Migaul {antimagic, Str+2 Dex+4}
  9762 | D:10     | Entered Level 10 of the Dungeon
  9936 | D:10     | Slain by a vampire
  9936 | D:10     | Lost a life (1 life remaining)
  9937 | D:10     | Reached skill level 12 in Dodging
  9979 | D:10     | Found a staircase to the Lair.
 10004 | Lair:1   | Entered Level 1 of the Lair of Beasts
 10007 | Lair:1   | Noticed a cane toad
 10020 | Lair:1   | Killed a cane toad
 10163 | Lair:1   | Learned a level 7 spell: Summon Hydra
 10177 | Lair:1   | Reached skill level 10 in Summonings
 10467 | Lair:1   | Noticed Hans's ghost (novice MiFi)
 10469 | Lair:1   | Found a runed translucent door.
 10582 | Lair:1   | Noticed a cane toad
 10606 | Lair:1   | Killed a cane toad
 10706 | Lair:1   | Noticed a black mamba
 10713 | Lair:1   | Killed a black mamba
 10714 | Lair:1   | Reached skill level 13 in Dodging
 10817 | Lair:1   | Noticed a cane toad
 10827 | Lair:1   | Killed a cane toad
 10828 | Lair:1   | Reached XP level 11. HP: 47/47 MP: 21/27
 10828 | Lair:1   | Gained a life (2 lives remaining)
 11073 | Lair:1   | Noticed Amaemon
 11092 | Lair:1   | Killed Amaemon
 11435 | Lair:2   | Noticed a death yak
 11446 | Lair:2   | Noticed a death yak
 11457 | Lair:2   | Killed a death yak
 11482 | Lair:2   | Slain by a death yak
 11482 | Lair:2   | Lost a life (1 life remaining)
 11492 | Lair:2   | Noticed a nameless horror
 11511 | Lair:2   | Noticed a nameless horror
 11759 | Lair:1   | Slain by a nameless horror
 11759 | Lair:1   | Lost a life (0 lives remaining)
 11782 | Lair:1   | Demolished by a death yak

Illustrated notes

Levels and vault maps discovered:
D:1:      dpeg_arrival_boxes_within_box, layout_loops_ring,
          dreamdust_ecumenical_altar_angels_and_demons
D:2:      minmay_inner_zag, layout_basic
D:3:      layout_loops_ring, mainiacjoe_overflow_catch_the_wave, st_stairs_3,
          uniq_sigmund
D:4:      layout_gridville, zin_statuary, lemuel_temple_firewalk_b,
          minmay_diced_spiral
D:5:      minmay_goblin_kobold_castle, layout_cave_pods,
          nicolae_dithmenos_shadow_blocks
D:6:      kennysheep_kobold_camp, layout_basic,
          mainiacjoe_overflow_tiny_flanked, serial_shops, shop
D:7:      layout_gridville, serial_shops, nicolae_shop_gaudy_bauble,
          grunt_decor_junction, mrwooster_statue_mirror, uniq_maggie
D:8:      layout_basic, st_stairs_5, minmay_sticks_and_stones, uniq_joseph,
          uniq_pikel
D:9:      layout_basic, minmay_misc_feat_diagonals, st_stairs_8, uniq_maurice
D:10:     layout_irregular_city, nicolae_uskayaw_dance_studio, lair_entry_dummy,
          serial_bayou_pond_a, uniq_grum
Temple:   regret_index_temple_sphere_string
Lair:1:   layout_hall_layers, hellmonk_ghost_happy_afterlife,
          dreamdust_gnoll_shepherd, uniq_amaemon
Lair:2:   layout_cave_pods, serial_bayou, serial_bayou_shore_a,
          serial_bayou_pond_b, serial_bayou_lake_a, serial_bayou_lagoon_a

Skill      XL: |  1  2  3  4  5  6  7  8  9 10 |
---------------+-------------------------------+-----
Dodging        | 3 4 5 6 7 9 11 13 | 13.5
Spellcasting   | 3 4 5 6 7 9 |  9.5
Summonings     | 5 6 8 9 10 | 10.9
Stealth        | |  2.6

Action                     |  1- 3 |  4- 6 |  7- 9 | 10-12 || total
---------------------------+-------+-------+-------+-------++-------
  Melee: Unarmed           |    99 |   100 |   200 |   119 ||   518
         Bite              |     6 |    12 |    31 |    16 ||    65
         Punch             |     1 |     1 |     3 |     2 ||     7
   Cast: Summon Small Mamm |    29 |     1 |     3 |     2 ||    35
         Call Imp          |     4 |    17 |    32 |    12 ||    65
         Call Canine Famil |       |    12 |    28 |    17 ||    57
         Summon Lightning  |       |       |    13 |    26 ||    39
         Summon Blazeheart |       |       |     1 |     9 ||    10
         Summon Hydra      |       |       |       |     1 ||     1
 Invoke: Curse Item        |       |       |     3 |       ||     3
  Evoke: Wand              |       |       |     2 |     3 ||     5
    Use: Potion            |       |       |     1 |     2 ||     3
         Scroll            |       |       |     1 |     4 ||     5
   Stab: Sleeping          |     5 |     4 |     2 |       ||    11
         Distracted        |     1 |     1 |     4 |     1 ||     7
 Armour: Skin              |    35 |    32 |    43 |    53 ||   163
  Dodge: Dodged            |   101 |   112 |   246 |   235 ||   694
  Block: Other             |    26 |    33 |    74 |    48 ||   181
         Reflection        |       |     5 |     5 |     2 ||    12
